 Dungeon Crawl Stone Soup version 0.31-a0-4-gefa6de2278 (webtiles) character file.

Game seed: 9397233679358709989

13975 Jackthecabe the Covert (level 12, -26/73 HPs)
             Began as a Kobold Brigand on May 4, 2023.
             Was a Priest of Wu Jian.
             Killed from afar by a green death (29 damage)
             ... with a poison arrow
             ... in a Gauntlet.
             The game lasted 00:43:28 (12803 turns).

Jackthecabe the Covert (Kobold Brigand)            Turns: 12803, Time: 00:43:29

Health: -26/73     AC: 20    Str: 11    XL:     12   Next: 39%
Magic:  11/12      EV: 37    Int: 12    God:    Wu Jian [***...]
Gold:   825        SH:  0    Dex: 22    Spells: 8/11 levels left

rFire   . . .        W - +4 rapier
rCold   . . .        (no shield)
rNeg    . . .        Q - +0 troll leather armour
rPois   .            N - +2 hat
rElec   .            c - +0 cloak
rCorr   .            s - +2 pair of gloves
SInv    .            I - +2 pair of boots "Konikk" {Regen+ Str+3}
Will    .....        l - amulet of the acrobat
Stlth   +++++++      E - +5 ring of evasion
HPRegen 1.92/turn    T - +4 ring of protection
MPRegen 0.13/turn

%: no teleportation, acrobat
@: lethally poisoned (-26 -> -49), sluggish, acrobatic, very slow
A: small, no large weapons, nightstalker 3
a: Renounce Religion, Wall Jump, Serpent's Lash


You were in a Gauntlet.
You worshipped Wu Jian.
Wu Jian was most pleased with you.
You visited 3 branches of the dungeon, and saw 13 of its levels.
You also visited: Ossuary and Gauntlet.

You collected 1312 gold pieces.
You spent 487 gold pieces at shops.


Innate Abilities, Weirdness & Mutations

You are small and have problems with some larger weapons.
You are completely attuned to the shadows.


   Skills:
 - Level 8.0 Fighting
 + Level 13.6 Short Blades
 - Level 2.1 Throwing
 - Level 11.0 Armour
 - Level 5.0 Dodging
 - Level 14.0 Stealth
 - Level 2.0 Air Magic
 - Level 5.0 Evocations


You had 8 spell levels left.
You knew the following spells:

 Your Spells              Type           Power      Damage    Failure   Level
i - Swiftness             Air            4%         N/A       47%         3

Your spell library contained the following spells:

 Spells                   Type           Power      Damage    Failure   Level
 Shock                    Conj/Air       8%         1d3       26%         1
 Poisonous Vapours        Pois/Air       4%         N/A       38%         2
 Static Discharge         Conj/Air       4%         2-3/arc   38%         2
 Ensorcelled Hibernation  Hex/Ice        0%         N/A       52%         2
 Mephitic Cloud           Conj/Pois/Air  1%         N/A       67%         3
 Gell's Gravitas          Tloc           0%         N/A       77%         3
 Spider Form              Tmut/Pois      0%         N/A       77%         3
 Teleport Other           Tloc           0%         N/A       77%         3
 Tukima's Dance           Hex            0%         N/A       77%         3
 Airstrike                Air            2%         2d(1-17)  87%         4
 Summon Lightning Spire   Summ/Air       2%         N/A       95%         4
 Anguish                  Hex/Necr       0%         N/A       99%         4
 Passage of Golubria      Tloc           0%         N/A       99%         4
 Freezing Cloud           Conj/Ice/Air   0%         6-21      100%        5
 Yara's Violent Unravell  Hex/Tmut       0%         3d3       100%        5
 Dispersal                Tloc           0%         N/A       100%        6

Inventory:

Hand Weapons
 a - a +2 dagger of speed
 b - a +1 dagger of venom
 W - a +4 rapier (weapon)
Missiles
 d - 20 poisoned darts (quivered)
 e - 8 curare-tipped darts {=f}
 Y - 3 atropa-tipped darts
Armour
 c - a +0 cloak (worn)
 s - a +2 pair of gloves (worn)
 I - the +2 pair of boots "Konikk" (worn) {Regen+ Str+3}
   (You bought it in a shop on level 5 of the Dungeon)

   Str:       It affects your strength (+3).
   Regen:     It increases your rate of health regeneration.
 N - a +2 hat (worn)
 Q - a +0 troll leather armour (worn)
Jewellery
 k - the ring of Jaadeimy {rElec Str+6 Int-3 Dex+3}
   (You found it in a Gauntlet)

   [ring of strength]

   Str:       It affects your strength (+6).
   Int:       It affects your intelligence (-3).
   Dex:       It affects your dexterity (+3).
   rElec:     It insulates you from electricity.
 l - an amulet of the acrobat (around neck)
 E - a +5 ring of evasion (left hand)
 F - a ring of protection from fire
 L - a ring of flight
 T - a +4 ring of protection (right hand)
Wands
 C - a wand of paralysis (17)
 M - a wand of flame (30)
 P - a wand of roots (6)
 S - a wand of polymorph (7)
Scrolls
 g - 10 scrolls of teleportation {@r2}
 i - 2 scrolls of magic mapping
 j - a scroll of enchant weapon
 n - 7 scrolls of fear
 p - 2 scrolls of enchant armour
 r - a scroll of silence {!r}
 t - 2 scrolls of vulnerability
 w - a scroll of blinking
 x - a scroll of fog
 A - 2 scrolls of amnesia
 H - 2 scrolls of poison
 J - 2 scrolls of immolation
 V - a scroll of brand weapon {unknown}
Potions
 f - 5 potions of attraction
 h - a potion of magic
 m - 5 potions of mutation
 o - 2 potions of resistance
 q - 6 potions of might
 u - 5 potions of curing {@q1}
 z - 4 potions of lignification
 B - a potion of invisibility
 D - a potion of brilliance {unknown}
 G - 2 potions of flight
 K - 2 potions of cancellation
 O - a potion of berserk rage {unknown}
 R - 4 potions of haste {@q3}
 U - a potion of ambrosia {unknown}

Dungeon Overview and Level Annotations

Branches:
Dungeon (11/15)            Temple (1/1) D:5            Lair (1/5) D:10
    Orc (0/2) D:11        Ossuary (visited)         Gauntlet (1/1)

Altars:
Ashenzari
Cheibriados
Dithmenos
Elyvilon
Fedhas
Gozag
Hepliaklqana
Kikubaaqudgha
Makhleb
Nemelex Xobeh
Okawaru
Qazlal
Ru
Sif Muna
Trog
Uskayaw
Vehumet
Wu Jian
Xom
Yredelemnul
Zin
The Shining One
Jiyva

Shops:
D:1 !:?([   D:5 [   D:7 [   D:8 !   D:10 *

Annotations:
D:8 exclusion: boulder beetle Gauntlet 10 transporters, 2 runed translucent doors

.[▒..▒..≈▒▒▒≈..▒..▒..+▒▒"▒▒..≈▒
#.▒..▒..▒▒≈▒▒..▒..▒▒▒..u▒▒▒..▒▒
..▒..▒.........▒..▒▒▒Guu▒▒▒..≈▒
▒▒▒..▒.........▒..▒▒▒▒▒▒▒▒▒..▒▓
..▒..▒▒▒▒▒▒▒▒▒▒▒..▒..........▒▓.
▒▒▒..▒.........▒..▒▒▒▒▒▒▒▒▒..▒..
.=▒..▒.........▒○.▒.▒▒.▒?=▒..▒..
▒.▒..▒........!▒☼○▒▒.▒..▒▒▒.8▒.©
Q▒▒..▒........?▒@○▒▒..▒▒.▒▒..▒..
▒Q▒©©▒....©...4▒☼○▒.▒▒ ▒.©▒.∩▒.©
.▒▒..▒........4▒☼○▒▒.▒..▒▒▒..▒..
▒Q▒..▒.........▒2○▒▒Y.▒▒Y▒▒.8▒.©
..▒..▒.........▒°.▒Y▒▒.▒$Y▒..▒..
▒▒▒..▒.........▒.○▒▒▒▒▒▒▒▒▒..▒..
..▒..▒▒▒▒▒▒▒▒▒▒▒○°▒..........▒▓.
▒▒▒..▒.........▒.°▒▒▒▒▒▒▒▒▒..▒▓
..▒..▒...§§....▒○○▒...G▓▓G▒..≈▒


You could see a dire elephant, a green death (rooted) and 2 orange demons.


Message History

Aim: a green death (poison gas, moderately wounded, will become a balrug, a cacodemon, or a wendigo, chance to affect: 0%)
Okay, then.
A green death is nearby!
Unknown command.
Aiming: Fastroot
Press: ? - help, Shift-Dir - straight line, f - green death
Aim: a green death (poison gas, moderately wounded)
Okay, then.
Okay, then.
Aiming: Fastroot
Press: ? - help, Shift-Dir - straight line, f - green death
Aim: a green death (poison gas, moderately wounded)
The roots erupt in riotous growth!
Roots grab the green death.
The grasping roots constrict the green death!
You feel very sick. The green death gestures at you.
The blast of poison misses you.
Unknown command.
You are engulfed in poison gas.
You are more poisoned.
* * * LOW HITPOINT WARNING * * *
You start to feel a little faster.
The grasping roots constrict the green death!
* * * LOW HITPOINT WARNING * * *
You feel extremely sick. The green death gestures at you.
The poison arrow hits you!!
You are more poisoned.
You die...

Skill      XL: |  1  2  3  4  5  6  7  8  9 10 11 12 |
---------------+-------------------------------------+-----
Short Blades   | 3 4 5 6 7 8 10 13 | 13.6
Stealth        | 6 7 8 11 12 14 | 14.0
Armour         | 3 4 6 10 11 | 11.0
Fighting       | 3 4 8 |  8.0
Evocations     | 1 3 5 |  5.0
Dodging        | 3 5 |  5.0
Air Magic      | 2 |  2.0
Throwing       | |  2.1

Action                     |  1- 3 |  4- 6 |  7- 9 | 10-12 || total
---------------------------+-------+-------+-------+-------++-------
  Melee: Dagger            |    53 |   209 |   470 |   675 ||  1407
         Punch             |     1 |     5 |     7 |    13 ||    26
         Rapier            |       |       |       |   187 ||   187
  Throw: Dart              |       |     3 |     9 |    10 ||    22
   Cast: Swiftness         |       |       |       |     1 ||     1
Ability: Lunge             |       |       |    26 |    35 ||    61
         Whirlwind         |       |       |       |    24 ||    24
  Evoke: Wand              |       |       |     1 |     3 ||     4
    Use: Scroll            |       |     5 |    15 |     4 ||    24
         Potion            |       |       |       |     4 ||     4
   Stab: Sleeping          |    17 |    18 |    13 |    30 ||    78
         Distracted        |       |       |     4 |     4 ||     8
         Paralysed         |       |       |     1 |     2 ||     3
 Armour: Robe              |     4 |       |       |       ||     4
         Leather armour    |     2 |    56 |    60 |    36 ||   154
         Troll leather arm |       |       |       |   149 ||   149
  Dodge: Dodged            |     6 |    98 |   127 |   437 ||   668

Levels and vault maps discovered:
D:1:      onia_arrival_handbag, layout_rooms, ebering_ecumenical_altar_webs,
          serial_shops, shop, shop, shop, shop, nicolae_shop_back_alley_shop,
          minmay_octomino_e4
D:2:      layout_basic, basic_altar, amcnicky_mini_corridor_feature,
          kennysheep_potato
D:3:      layout_basic, nicolae_elyvilon_temple_path, mainiacjoe_overflow_swirl
D:4:      cheibrodos_greedy_goblins, layout_loops_ring,
          mainiacjoe_overflow_surrounded_room
D:5:      layout_basic, minmay_temple_entry_drinking_statues, serial_shops,
          shop, dreamdust_mushroom_princess
D:6:      layout_layer_cave, gup_ossuary_entry_pyramid, uniq_sigmund,
          uniq_blork_the_orc
D:7:      layout_loops_ring, serial_shops, shop, minmay_statues_item
D:8:      minmay_cornered_nines, layout_gridville, serial_shops,
          nicolae_stop_n_shop_1, jiyva_altar_1, uniq_gastronok
D:9:      layout_loops_cross, nicolae_ashenzari_skybound,
          minmay_increasing_density, uniq_maggie
D:10:     layout_irregular_city, minmay_lair_entry_grove, serial_shops, shop
D:11:     layout_basic, david_orc_3, uniq_nergalle, uniq_grum, uniq_lodul
Temple:   minmay_temple_bridge_d
Lair:1:   layout_regular_city, gauntlet_entry_generic, beast_lair_carwin_7,
          grunt_megastairs_4, uniq_harold
Gauntlet: gammafunk_gauntlet_mixed_choke_point
          [minmay_gauntlet_arena_77_broken_ladder,
          minmay_gauntlet_arena_77_braids, minmay_gauntlet_arena_77_museum,
          gammafunk_gauntlet_arena_open, minmay_gauntlet_arena_77_cramped,
          minmay_gauntlet_arena_77_tiled_triplets, minmay_gauntlet_arena_77_fan,
          gauntlet_exit_green]

Notes
Turn   | Place    | Note
-------+----------+-------------------------------------------
     0 | D:1      | Jackthecabe the Kobold Brigand began the quest for the Orb.
     0 | D:1      | Reached XP level 1. HP: 12/12 MP: 1/1
    21 | D:1      | Found Botyiraa's Antique Weapon Shop.
    38 | D:1      | Found a faded altar of an unknown god.
    56 | D:1      | Reached skill level 3 in Short Blades
   156 | D:1      | Reached XP level 2. HP: 17/17 MP: 2/2
   181 | D:1      | Found Tiackell's Antique Armour Shoppe.
   201 | D:1      | Found Beliothe's Magic Scroll Boutique.
   294 | D:1      | Reached skill level 4 in Short Blades
   332 | D:1      | Found Yravvar's Book Emporium.
   476 | D:1      | Found Kawnir's Distillery.
   482 | D:1      | Reached XP level 3. HP: 17/21 MP: 3/3
   855 | D:2      | Reached XP level 4. HP: 26/26 MP: 4/4
   923 | D:2      | Found a glowing golden altar of the Shining One.
   932 | D:2      | Reached skill level 5 in Short Blades
  1147 | D:2      | Reached skill level 6 in Stealth
  1576 | D:3      | Found a white marble altar of Elyvilon.
  1961 | D:3      | Found a snail-covered altar of Cheibriados.
  1971 | D:3      | Found a shimmering altar of Xom.
  2303 | D:4      | Reached XP level 5. HP: 30/30 MP: 5/5
  2359 | D:1      | Bought a scroll of blinking for 105 gold pieces
  2359 | D:1      | Bought a scroll of identify for 28 gold pieces
  2386 | D:1      | Bought a potion of degeneration for 14 gold pieces
  2725 | D:4      | Found a glowing golden altar of the Shining One.
  2874 | D:4      | Reached skill level 6 in Short Blades
  3049 | D:5      | Entered Level 5 of the Dungeon
  3125 | D:5      | Noticed an ogre
  3128 | D:5      | Reached skill level 7 in Stealth
  3128 | D:5      | Reached XP level 6. HP: 34/35 MP: 6/6
  3137 | D:5      | Killed an ogre
  3243 | D:4      | Reached skill level 7 in Short Blades
  3361 | D:5      | Reached skill level 8 in Stealth
  3375 | D:5      | Reached XP level 7. HP: 33/40 MP: 7/7
  3647 | D:5      | Found a staircase to the Ecumenical Temple.
  3673 | Temple   | Entered the Ecumenical Temple
  3987 | Temple   | Became a worshipper of the Wu Jian Council
  4081 | D:5      | Identified the +9 flail of Quick Conscience {holy, Dex+3}
  4279 | D:5      | Found Xunoez's Antique Armour Shop.
  4599 | D:6      | Found a sand-covered staircase.
  4626 | D:6      | Reached skill level 8 in Short Blades
  4629 | Ossuary  | Entered an ossuary
  4707 | Ossuary  | Reached skill level 1 in Armour
  5172 | Ossuary  | Reached skill level 3 in Fighting
  5216 | D:6      | Reached skill level 2 in Armour
  5419 | D:5      | Bought a pair of faintly humming boots for 228 gold pieces
  5419 | D:5      | Identified the +2 pair of boots "Konikk" {Regen+ Str+3}
                  | (You bought it in a shop on level 5 of the Dungeon)
  5528 | D:1      | Bought a scroll of vulnerability for 56 gold pieces
  5528 | D:1      | Bought a scroll of immolation for 56 gold pieces
  5778 | D:6      | Reached skill level 3 in Armour
  5800 | D:6      | Reached XP level 8. HP: 48/48 MP: 8/8
  5941 | D:6      | Noticed Sigmund
  5963 | D:6      | Killed Sigmund
  5964 | D:6      | Reached skill level 4 in Fighting
  5964 | D:6      | Reached skill level 4 in Armour
  6157 | D:6      | Noticed Blork the orc
  6217 | D:6      | Killed Blork the orc
  6218 | D:6      | Reached skill level 9 in Stealth
  6819 | D:7      | Reached skill level 10 in Stealth
  6927 | D:7      | Found Dofytuud's Armour Emporium.
  7044 | D:7      | Reached skill level 11 in Stealth
  7044 | D:7      | Reached XP level 9. HP: 52/52 MP: 9/9
  7202 | D:7      | Reached * piety under Wu Jian
  7257 | D:7      | Reached skill level 5 in Armour
  7742 | D:7      | Reached skill level 5 in Fighting
  7814 | D:8      | Found Riyp's Distillery.
  7821 | D:8      | Noticed Gastronok
  7831 | D:8      | Killed Gastronok
  7832 | D:8      | Reached skill level 7 in Fighting
  7832 | D:8      | Reached skill level 6 in Armour
  7832 | D:8      | Reached skill level 12 in Stealth
  7857 | D:8      | Reached skill level 8 in Fighting
  7870 | D:8      | Reached skill level 1 in Evocations
  7870 | D:8      | Reached XP level 10. HP: 56/64 MP: 10/10
  7885 | D:8      | Identified a +0 crystal plate armour
  7913 | D:8      | Noticed a boulder beetle
  7970 | D:8      | Reached skill level 2 in Evocations
  7993 | D:8      | Reached skill level 7 in Armour
  8145 | D:8      | Learned a level 3 spell: Swiftness
  8411 | D:8      | Found a viscous altar of Jiyva.
  8672 | D:8      | Reached skill level 8 in Armour
  8893 | D:9      | Reached skill level 9 in Short Blades
  9100 | D:9      | Reached skill level 10 in Short Blades
  9127 | D:9      | Noticed Maggie
  9134 | D:9      | Killed Maggie
  9135 | D:9      | Reached skill level 2 in Dodging
  9135 | D:9      | Reached skill level 3 in Evocations
  9314 | D:9      | Reached skill level 3 in Dodging
  9394 | D:9      | Found a broken altar of Ashenzari.
  9546 | D:9      | Reached skill level 9 in Armour
  9734 | D:9      | Reached ** piety under Wu Jian
  9735 | D:9      | Reached skill level 10 in Armour
  9735 | D:9      | Reached XP level 11. HP: 68/68 MP: 11/11
  9799 | D:10     | Entered Level 10 of the Dungeon
 10009 | D:10     | Reached skill level 11 in Armour
 10044 | D:10     | Found a staircase to the Lair.
 10114 | D:10     | Reached skill level 4 in Dodging
 10114 | D:10     | Reached skill level 4 in Evocations
 10426 | D:10     | Noticed a tengu warrior
 10429 | D:10     | Killed a tengu warrior
 10430 | D:10     | Reached skill level 5 in Dodging
 10430 | D:10     | Reached skill level 5 in Evocations
 10449 | D:10     | Reached skill level 1 in Air Magic
 10503 | D:10     | Found Reollis's General Store.
 10568 | D:10     | Reached skill level 2 in Air Magic
 10915 | D:11     | Found a staircase to the Orcish Mines.
 10998 | D:11     | Reached skill level 13 in Stealth
 11091 | D:11     | Noticed Lodul
 11159 | D:11     | Noticed Nergalle
 11410 | D:11     | Noticed a two-headed ogre
 11413 | D:11     | Killed a two-headed ogre
 11414 | D:11     | Reached skill level 14 in Stealth
 11419 | D:11     | Paralysed by a hornet for 2 turns
 11428 | D:11     | Paralysed by a hornet for 1 turns
 11497 | D:11     | Reached *** piety under Wu Jian
 11498 | D:11     | Reached XP level 12. HP: 69/73 MP: 12/12
 11504 | D:11     | Killed Lodul
 11505 | D:11     | Reached skill level 11 in Short Blades
 11576 | D:11     | Noticed Grum
 11588 | D:11     | Killed Grum
 11742 | D:11     | Reached skill level 12 in Short Blades
 12154 | D:11     | Killed Nergalle
 12334 | Lair:1   | Entered Level 1 of the Lair of Beasts
 12355 | Lair:1   | Found a gate leading to a gauntlet.
 12358 | Lair:1   | Noticed Harold
 12390 | Lair:1   | Killed Harold
 12391 | Lair:1   | Reached skill level 13 in Short Blades
 12396 | Gauntlet | Entered a Gauntlet
 12396 | Gauntlet | Found a transporter.
 12399 | Gauntlet | Found a transporter.
 12418 | Gauntlet | Found a transporter.
 12431 | Gauntlet | Found a transporter.
 12441 | Gauntlet | Found a runed translucent door.
 12441 | Gauntlet | Noticed a glowing orange brain
 12449 | Gauntlet | Found a transporter.
 12459 | Gauntlet | Found a transporter.
 12467 | Gauntlet | Noticed a glowing orange brain
 12469 | Gauntlet | Found a transporter.
 12475 | Gauntlet | Noticed a glowing orange brain
 12487 | Gauntlet | Found a transporter.
 12499 | Gauntlet | Noticed a green death
 12506 | Gauntlet | Found a transporter.
 12519 | Gauntlet | Found a transporter.
 12532 | Gauntlet | Noticed a tengu warrior
 12627 | Gauntlet | Found a runed translucent door.
 12627 | Gauntlet | Noticed a dire elephant
 12760 | Gauntlet | Identified the +0 scale mail of the Past {Harm Rampage
                  | Regen+ Slay-5}
 12775 | Gauntlet | Found a transporter.
 12775 | Gauntlet | Found a transporter.
 12782 | Gauntlet | Found a transporter.
 12786 | Gauntlet | Found a transporter.
 12787 | Gauntlet | Identified the ring of Jaadeimy {rElec Str+6 Int-3 Dex+3}
 12803 | Gauntlet | HP: 3/73 [poisoned by a green death (poison gas)]
 12803 | Gauntlet | Killed from afar by a green death

Vanquished Creatures
  Gastronok (D:8)
  Harold (Lair:1)
  A two-headed ogre (D:11)
  A tengu warrior (D:10)
  Nergalle (D:11)
  Lodul (D:11)
  A gargoyle (D:10)
  A torpor snail (Gauntlet)
  Maggie (D:9)
  2 unseen horrors
  A komodo dragon (D:11)
  3 trolls
  2 hornets
  Sigmund (D:6)
  A vampire (D:9)
  3 shadows
  A yak (D:9)
  4 wyverns
  A wraith (D:8)
  2 basilisks (D:10)
  Grum (D:11)
  A warg (D:11)
  4 acid dragons
  7 water moccasins
  2 black bears (D:10)
  2 orc warriors (D:9)
  2 centaurs (D:10)
  8 wolves
  7 ogres
  3 bullfrogs
  Blork the orc (D:6)
  2 scorpions (D:7)
  8 wights
  7 killer bees
  4 howler monkeys
  4 hounds
  4 jellies (D:8)
  4 orc priests
  2 iguanas
  9 orc wizards
  9 mummies
  11 gnolls
  7 adders
  A shadow imp (D:6)
  2 dart slugs (D:3)
  2 worms
  21 orcs
  4 ball pythons
  2 bats (D:3)
  5 endoplasms
  A giant cockroach (D:2)
  15 goblins
  7 hobgoblins
  5 jackals
  7 kobolds
  3 quokkas
  2 frilled lizards
  A gnoll zombie (Ossuary)
  3 hobgoblin zombies (Ossuary)
  3 kobold zombies (Ossuary)
  An orc zombie (Ossuary)
  6 rats
230 creatures vanquished.

Vanquished Creatures (others)
  2 fungi (Gauntlet)
  12 plants
14 creatures vanquished.

Grand Total: 244 creatures vanquished

Table legend: (Time is in decaauts)
 A = Elapsed time spent in this place.
 B = Non-inter-level travel time spent in this place.
 C = Inter-level travel time spent in this place.
 D = Time resting spent in this place.
 E = Time spent auto-exploring this place.
 F = Levels seen in this place.
 G = Mean time per level.
                   A        B        C        D        E       F      G
               +--------+--------+--------+--------+--------+-----+--------+
         Total |  12035 |  10981 |   1054 |    883 |   7191 |  15 |  802.3 |
       Dungeon |  10705 |   9791 |    914 |    716 |   6596 |  11 |  973.2 |
        Temple |    382 |    242 |    140 |      0 |    231 |   1 |  382.0 |
          Lair |     59 |     59 |      0 |      0 |      0 |   1 |   59.0 |
       Ossuary |    493 |    493 |      0 |    167 |    128 |   1 |  493.0 |
      Gauntlet |    394 |    394 |      0 |      0 |    236 |   1 |  394.0 |
               +--------+--------+--------+--------+--------+-----+--------+

Top non-repeatable levels by time:
     D:6: 1357 daAuts
    D:10: 1181 daAuts
     D:3: 1114 daAuts
    D:11: 1039 daAuts
     D:8: 1028 daAuts
     D:4: 1008 daAuts
     D:7: 950 daAuts
     D:9: 856 daAuts
     D:5: 821 daAuts
     D:1: 691 daAuts
     D:2: 657 daAuts
 Ossuary: 493 daAuts
Gauntlet: 394 daAuts
  Temple: 382 daAuts
  Lair:1: 59 daAuts

Table legend:
 A = Non-vault XP
 B = Vault XP
 C = Vault XP percentage of total XP
 D = Non-vault monster count
 E = Vault monster count
 F = Vault count percentage of total count
                 A         B        C        D         E       F
            +---------+---------+-------+---------+---------+-------
      Total |    9842 |   10123 |  50.7 |     140 |      90 |  39.1
            +---------+---------+-------+---------+---------+-------
        D:1 |      17 |      12 |  41.4 |      10 |       8 |  44.4
        D:2 |      65 |       1 |   1.5 |      16 |       1 |   5.9
        D:3 |      41 |       0 |   0.0 |      14 |       0 |   0.0
        D:4 |     137 |      26 |  16.0 |       8 |      13 |  61.9
        D:5 |     325 |       0 |   0.0 |      16 |       0 |   0.0
        D:6 |     382 |     334 |  46.6 |      10 |       3 |  23.1
        D:7 |     824 |       0 |   0.0 |      17 |       0 |   0.0
        D:8 |    1048 |    1651 |  61.2 |      11 |       5 |  31.2
        D:9 |    1765 |    1472 |  45.5 |      14 |       9 |  39.1
       D:10 |    2079 |    1902 |  47.8 |       9 |      12 |  57.1
       D:11 |    3069 |    2899 |  48.6 |      14 |      18 |  56.2
     Lair:1 |      90 |     892 |  90.8 |       1 |       1 |  50.0
    Ossuary |       0 |     155 | 100.0 |       0 |      16 | 100.0
   Gauntlet |       0 |     779 | 100.0 |       0 |       4 | 100.0
            +---------+---------+-------+---------+---------+-------
